 Dungeon Crawl Stone Soup version 0.21.1-1-g345015f (webtiles) character file.

3892 Supreme the Destroyer (level 10, -1/78 HPs)
             Began as a Deep Elf Conjurer on Apr 10, 2018.
             Was a Follower of Vehumet.
             Slain by a scorpion (4 damage)
             ... on level 8 of the Dungeon.
             The game lasted 01:36:44 (6081 turns).

Supreme the Destroyer (Deep Elf Conjurer)           Turns: 6081, Time: 01:36:44

Health: -1/78      AC: 25    Str:  5    XL:     10   Next: 0%
Magic:  1/26       EV:  2    Int: 24    God:    Vehumet [*.....]
Gold:   310        SH:  0    Dex: 15    Spells: 12/30 levels left

rFire    . . .     SeeInvis .   H - +3 dagger (speed)
rCold    . . .     Gourm    .   (no shield)
rNeg     + + +     Faith    .   (armour currently unavailable)
rPois    +         Spirit   .   (helmet currently unavailable)
rElec    .         Reflect  .   (cloak currently unavailable)
rCorr    .         Harm     .   (gloves currently unavailable)
MR       +....     NoTele   +   (boots currently unavailable)
Stlth    ++........             X - amulet of magic regeneration
HPRegen  0.23/turn              (no ring)
MPRegen  0.45/turn              (no ring)

@: tree-form
A: no striking features
a: Renounce Religion


You were on level 8 of the Dungeon.
You worshipped Vehumet.
Vehumet was aware of your devotion.
You were not hungry.
You were a tree.
You visited 2 branches of the dungeon, and saw 9 of its levels.

You collected 310 gold pieces.

Inventory:

Hand Weapons
 l - a +0 shortbow
 p - a +0 whip of flaming
 r - a cursed -1 dagger
 u - a +2 flail of protection
 H - a +3 dagger of speed (weapon)
Missiles
 m - 7 needles of sleeping
 z - 20 tomahawks (quivered)
 E - 19 poisoned needles
Armour
 a - a +0 animal skin
 b - a +1 helmet (melded)
 o - a +3 leather armour (melded)
 A - a scarf of repulsion (melded)
 B - a +1 cloak of poison resistance
Jewellery
 X - an amulet of magic regeneration (around neck)
Wands
 f - a wand of polymorph (13)
 g - a wand of digging (18)
 t - a wand of random effects (18)
 I - a wand of paralysis (8)
 U - a wand of disintegration (15)
Scrolls
 e - a scroll of amnesia {unknown}
 h - 4 scrolls of enchant weapon
 j - a scroll of fear {unknown}
 k - 2 scrolls of enchant armour {unknown}
 n - 2 scrolls of blinking {unknown}
 q - 3 scrolls of teleportation {unknown}
 v - 2 scrolls of identify
 w - 2 scrolls of noise {unknown}
 D - a scroll of fog {unknown}
 Q - a scroll of silence {unknown}
 R - a scroll of immolation
 W - a scroll of magic mapping {unknown}
Potions
 d - 3 potions of invisibility
 i - a potion of lignification
 x - 2 potions of cancellation
 G - a potion of curing
 M - a potion of magic
 S - a potion of haste
Comestibles
 c - 9 rations
 s - 3 chunks of flesh


   Skills:
 + Level 1.3 Fighting
 + Level 4.1 Dodging
 - Level 2.4 Stealth
 + Level 10.8 Spellcasting
 * Level 12.3 Conjurations
 + Level 3.4 Hexes
 + Level 1.5 Translocations


You had 12 spell levels left.
You knew the following spells:

 Your Spells              Type           Power        Failure   Level  Hunger
a - Magic Dart            Conj           ####         1%          1    None
b - Searing Ray           Conj           ######       1%          2    None
c - Dazzling Spray        Conj/Hex       ######       1%          3    None
d - Iskenderun's Mystic   Conj           ######..     1%          4    None
e - Fulminant Prism       Conj/Hex       ######....   1%          4    None
f - Force Lance           Conj/Tloc      #####...     2%          4    None


Dungeon Overview and Level Annotations

Branches:
Dungeon (8/15)             Temple (1/1) D:5
   Lair: D:8-11

Altars:
Dithmenos
Elyvilon
Fedhas
Gozag
Makhleb
Qazlal
Ru
Vehumet
Zin
The Shining One

Shops:
D:6 :%}


Message History

Confirm with . or Enter, or press ? or * to list all spells.
Aiming: Magic Dart
Press: ? - help, Shift-Dir - straight line, f/p - scorpion
Aim: a scorpion (severely wounded)
The magic dart hits the scorpion.
The scorpion is severely wounded.
The porcupine bites you but does no damage.
The porcupine twitches its whiskers.
The porcupine barely misses you.
Casting: Magic Dart
Confirm with . or Enter, or press ? or * to list all spells.
Aiming: Magic Dart
Press: ? - help, Shift-Dir - straight line, f/p - scorpion
Aim: a scorpion (severely wounded)
The magic dart hits the scorpion.
The scorpion is severely wounded.
The porcupine bites you.
* * * LOW HITPOINT WARNING * * *
The scorpion stings you.
You die... ..# #.# PPP.... #.# ..PPP.P ##. #.# ..PPPPP #.. #.# P.PPP.P

# #.# #.# ...P.PP
#.##.###.##.P..PPP
#.#...##.#..P...P.
##....<.s♣rs.)).P.P
#......####........
#.###<[# ##.......
#.# #..# #.....#
#.###..# #...##
#.##...# #+##
#.##.#.# #.##[#.#
#.##)#.#


You could see 2 scorpions and a porcupine.

Vanquished Creatures
  Pikel (D:7)
  A deep elf mage (D:8)
  The ghost of Oravi the Changer, an amateur MfTm of Qazlal (D:4)
  Sigmund (D:4)
  Eustachio (D:6)
  Menkaure (D:7)
  2 porcupines (D:8)
  2 sky beasts
  2 ice beasts
  2 ogres
  3 slaves (D:7)
  3 centaurs
  A crocodile (D:8)
  4 bullfrogs
  2 scorpions
  A crimson imp (D:6)
  A quasit (D:7)
  A jelly (D:5)
  A centaur zombie (D:6)
  3 orc priests
  4 hounds
  A bullfrog skeleton (D:4)
  2 orc wizards (D:6)
  Crazy Yiuf (D:4)
  3 iguanas
  Natasha (twice) (D:2)
  5 worker ants
  A hound skeleton (D:7)
  14 gnolls
  8 adders
  2 shadow imps
  An ooze (D:3)
  An adder skeleton (D:4)
  3 worms
  A dart slug (D:1)
  6 leopard geckos
  21 orcs
  3 ball pythons
  9 bats
  4 giant cockroaches
  7 goblins
  5 hobgoblins
  4 jackals (D:1)
  3 kobolds
  A quokka (D:5)
  4 frilled lizards
  4 goblin skeletons (D:6)
  3 goblin zombies (D:6)
  3 hobgoblin zombies (D:6)
  A jackal skeleton (D:4)
  A kobold skeleton (D:6)
  A kobold zombie (D:6)
  An orc zombie (D:6)
  5 rats
  A plant (D:8)
170 creatures vanquished.

Vanquished Creatures (others)
  20 fulminant prisms
  9 fungi (D:8)
  A plant (D:8)
30 creatures vanquished.

Grand Total: 200 creatures vanquished

Notes
Turn   | Place    | Note
-------+----------+-------------------------------------------
     0 | D:1      | Supreme the Deep Elf Conjurer began the quest for the Orb.
     0 | D:1      | Reached XP level 1. HP: 10/10 MP: 6/6
    95 | D:1      | Reached XP level 2. HP: 15/15 MP: 0/8
    99 | D:1      | Learned a level 2 spell: Searing Ray
   148 | D:1      | Reached skill level 5 in Conjurations
   294 | D:2      | Reached XP level 3. HP: 12/19 MP: 1/9
   609 | D:2      | Reached skill level 6 in Conjurations
   609 | D:2      | Reached XP level 4. HP: 12/24 MP: 0/10
  1059 | D:2      | Found a white marble altar of Elyvilon.
  1110 | D:2      | Noticed Natasha
  1114 | D:2      | Killed Natasha
  1114 | D:2      | Reached XP level 5. HP: 19/28 MP: 7/12
  1529 | D:3      | Noticed an ice beast
  1550 | D:3      | Learned a level 3 spell: Dazzling Spray
  1555 | D:3      | Learned a level 4 spell: Iskenderun's Mystic Blast
  1625 | D:3      | Reached skill level 7 in Conjurations
  1921 | D:4      | Noticed Sigmund
  1985 | D:4      | Reached XP level 6. HP: 10/33 MP: 0/14
  2042 | D:5      | Entered Level 5 of the Dungeon
  2419 | D:4      | Noticed Oravi's ghost (amateur MfTm)
  2452 | D:4      | Found a stormy altar of Qazlal.
  2514 | D:3      | Killed an ice beast
  2514 | D:3      | Reached skill level 5 in Spellcasting
  2690 | D:3      | Reached skill level 8 in Conjurations
  2869 | D:4      | Found a runed door.
  3041 | D:2      | Noticed Natasha
  3045 | D:2      | Killed Natasha
  3045 | D:2      | Reached XP level 7. HP: 37/37 MP: 11/17
  3307 | D:4      | Killed Sigmund
  3435 | D:4      | Noticed Crazy Yiuf
  3440 | D:4      | Killed Crazy Yiuf
  3542 | D:4      | Killed Oravi's ghost
  3542 | D:4      | Reached skill level 9 in Conjurations
  3542 | D:4      | Reached skill level 1 in Hexes
  3656 | D:5      | Reached skill level 1 in Fighting
  3656 | D:5      | Reached XP level 8. HP: 26/43 MP: 15/20
  3813 | D:6      | Found a blossoming altar of Fedhas.
  3988 | D:6      | Noticed Eustachio
  3994 | D:6      | Killed Eustachio
  3994 | D:6      | Reached skill level 10 in Conjurations
  4047 | D:6      | Found Itteimih's Book Emporium.
  4148 | D:6      | Learned a level 4 spell: Fulminant Prism
  4447 | D:6      | Found Xoukae's Food Shoppe.
  4485 | D:6      | Found Ossir's Gadget Shop.
  4633 | D:6      | Reached XP level 9. HP: 46/47 MP: 11/24
  4634 | D:6      | Found a glowing golden altar of the Shining One.
  5084 | D:5      | Found a burning altar of Makhleb.
  5154 | D:5      | Found a staircase to the Ecumenical Temple.
  5160 | Temple   | Entered the Ecumenical Temple
  5166 | Temple   | Became a worshipper of Vehumet
  5218 | Temple   | Learned a level 4 spell: Force Lance
  5415 | D:7      | Noticed Menkaure
  5426 | D:7      | Killed Menkaure
  5426 | D:7      | Reached skill level 11 in Conjurations
  5454 | D:8      | Noticed a two-headed ogre
  5636 | D:7      | Noticed Pikel
  5646 | D:7      | Killed Pikel
  5646 | D:7      | Reached skill level 10 in Spellcasting
  5902 | D:7      | Reached * piety under Vehumet
  5902 | D:7      | Offered knowledge of Freeze by Vehumet.
  5902 | D:7      | Reached skill level 1 in Translocations
  6043 | D:8      | Reached skill level 12 in Conjurations
  6049 | D:8      | Noticed a deep elf mage
  6055 | D:8      | Killed a deep elf mage
  6055 | D:8      | Reached XP level 10. HP: 7/52 MP: 1/26
  6081 | D:8      | HP: 3/78 [porcupine (6)]
  6081 | D:8      | Slain by a scorpion

Skill      XL: |  1  2  3  4  5  6  7  8  9 |
---------------+----------------------------+-----
Conjurations   | 5 6 7 8 9 10 12 | 12.3
Spellcasting   | 4 5 7 9 10 | 10.8
Dodging        | 3 4 |  4.1
Hexes          | 1 3 |  3.4
Fighting       | 1 |  1.3
Translocations | 1 |  1.5
Stealth        | |  2.4

Action                   |  1- 3 |  4- 6 |  7- 9 | 10-12 || total
-------------------------+-------+-------+-------+-------++-------
Melee: Mace              |     1 |     1 |       |       ||     2
       Dagger            |       |     9 |     1 |     5 ||    15
       Long sword        |       |       |    11 |       ||    11
 Cast: Magic Dart        |    48 |   119 |   150 |     7 ||   324
       Searing Ray       |     1 |     8 |     8 |       ||    17
       Iskenderun's Myst |       |     2 |    22 |       ||    24
       Dazzling Spray    |       |     2 |     3 |       ||     5
       Fulminant Prism   |       |       |    20 |       ||    20
       Force Lance       |       |       |    10 |     1 ||    11
Evoke: Wand              |       |     3 |     1 |       ||     4
  Use: Scroll            |       |     4 |     9 |       ||    13
       Potion            |       |       |     2 |       ||     2
 Stab: Sleeping          |     1 |     1 |     1 |       ||     3
       Distracted        |       |       |     1 |       ||     1
       Paralysed         |       |       |     5 |       ||     5
  Eat: Chunk             |       |     6 |     9 |       ||    15
       Ration            |       |       |     1 |       ||     1
Armor: Robe              |     2 |     6 |       |       ||     8
       Leather armour    |       |     1 |    18 |       ||    19
       Skin              |       |       |       |     8 ||     8
Dodge: Dodged            |    13 |    36 |    75 |     3 ||   127
       Deflected         |       |       |     4 |       ||     4
       Rpst.: Long sword |       |       |    16 |       ||    16
